 Dungeon Crawl Stone Soup version 0.29-a0-393-g47a863cc1b (webtiles) character file.

Game seed: 16709923710926326315

325 HendSelp the Ruffian (level 6, 0/47 HPs)
             Began as a Draconian Transmuter on May 10, 2022.
             Slain by Dowan
             ... wielding a +0 dagger
              (2 damage)
             ... on level 4 of the Dungeon.
             The game lasted 00:05:04 (4501 turns).

HendSelp the Ruffian (Draconian Transmuter)         Turns: 4501, Time: 00:05:05

Health: 0/47       AC:  8    Str: 15    XL:     6   Next: 24%
Magic:  10/10      EV: 12    Int: 13    God:
Gold:   212        SH:  0    Dex: 17    Spells: 7/10 levels left

rFire   . . .      SeeInvis .     - Unarmed
rCold   . . .      Faith    .   (no shield)
rNeg    . . .      Spirit   .   (body armour unavailable)
rPois   +          Reflect  .   (helmet restricted)
rElec   .          Harm     .   b - +0 cloak
rCorr   .          Rampage  .   d - +0 pair of gloves
Will    .....                   (no boots)
Stlth   +.........              (no amulet)
HPRegen 0.15/turn               e - +6 ring of dexterity
MPRegen 0.12/turn               j - ring of poison resistance

@: confused, mighty, lit by a corona, attractive, glowing, invisible (but
backlit and visible)
A: AC +6, unfitting armour, cold-blooded, evolution 1
a: no special abilities


You were on level 4 of the Dungeon.
You visited 1 branch of the dungeon, and saw 4 of its levels.

You collected 212 gold pieces.

Inventory:

Armour
 b - a +0 cloak (worn)
 d - a +0 pair of gloves (worn)
Jewellery
 e - a +6 ring of dexterity (left hand)
 j - a ring of poison resistance (right hand)
Wands
 g - a wand of polymorph (2)
Potions
 a - a potion of brilliance


   Skills:
 + Level 1.5 Fighting
 - Level 1.7 Dodging
 + Level 6.4 Unarmed Combat
 + Level 2.7 Spellcasting
 + Level 2.6 Transmutations


You had 7 spell levels left.
You knew the following spells:

 Your Spells              Type           Power      Damage    Failure   Level
a - Beastly Appendage     Tmut           16%        N/A       8%          1
b - Wereblood             Tmut           8%         N/A       12%         2

Your spell library contained the following spells:

 Spells                   Type           Power      Damage    Failure   Level
 Scorch                   Fire           2%         2d5       34%         2
 Spider Form              Tmut/Pois      5%         N/A       38%         3
 Ice Form                 Ice/Tmut       5%         N/A       80%         4
 Petrify                  Tmut/Erth      5%         N/A       80%         4
 Flame Wave               Conj/Fire      1%         2d4       93%         4
 Hailstorm                Conj/Ice       1%         3d3       93%         4
 Borgnjor's Vile Clutch   Necr/Erth      0%         N/A       100%        5
 Summon Cactus Giant      Summ           0%         N/A       100%        6


Dungeon Overview and Level Annotations

Branches:
Dungeon (4/15)
 Temple: D:4-7

Altars:
Yredelemnul

Annotations:
D:4 Dowan, Duvessa


Innate Abilities, Weirdness & Mutations

Your plain brown scales are hard. (AC +6)
You cannot fit into any form of body armour.
You are cold-blooded and may be slowed by cold attacks.
You have hidden genetic potential.


Message History

You hit Dowan.
Dowan is almost dead.
Dowan hits you but does no damage. Duvessa blinks at you.
You easily resist.
Unknown command.
You bump into the rock wall.
Dowan points at you and mumbles some strange words.
The puff of frost hits you.
* * * LOW HITPOINT WARNING * * *
Unknown command.
Duvessa blinks!
Dowan barely misses you.
Unknown command.
You barely miss Dowan.
Dowan is almost dead.
Duvessa blinks!
Dowan says, "Magic and the sword, together, will defeat you."
Dowan gestures at you while chanting. The puff of frost hits you!
* * * LOW HITPOINT WARNING * * *
Unknown command.
Unknown command.
It was a potion of invisibility.
You become transparent, but the glow from your corona prevents you from becoming completely invisible.
Dowan hits you but does no damage.
Unknown command.
It was a potion of mutation.
You feel extremely strange.
You feel a hidden potential growing inside you.
Dowan hits you but does no damage.
Unknown command.
Unknown command.
Unknown command.
Unknown command.
Unknown command.
Unknown command.
It was a potion of might.
You feel very mighty all of a sudden.
Duvessa pulsates ominously.
Dowan hits you with a +0 dagger.
You die...

##.#######.#
#.......†).#
#..#########
#..# ###..#
#.)..#
#....#
#.eG.#
#§@..#
#.....#
#....##
######


You could see Dowan and Duvessa the golden eye.

Vanquished Creatures
  Pargi (D:3)
  A hound (D:2)
  Crazy Yiuf (D:2)
  An iguana (D:4)
  8 adders
  A worm (D:2)
  3 dart slugs
  6 orcs (D:4)
  3 bats
  3 endoplasms
  5 giant cockroaches
  12 goblins
  6 hobgoblins
  4 kobolds (D:1)
  4 quokkas
  3 ball pythons
  5 rats
67 creatures vanquished.

Notes
Turn   | Place    | Note
-------+----------+-------------------------------------------
     0 | D:1      | HendSelp the Draconian Transmuter began the quest for the
                  | Orb.
     0 | D:1      | Reached XP level 1. HP: 16/16 MP: 3/3
   452 | D:1      | Reached XP level 2. HP: 22/23 MP: 5/5
   521 | D:1      | Learned a level 2 spell: Wereblood
  1016 | D:1      | Found a faded altar of an unknown god.
  1597 | D:2      | Reached skill level 4 in Unarmed Combat
  1597 | D:2      | Reached XP level 3. HP: 24/28 MP: 6/6
  2111 | D:2      | Reached XP level 4. HP: 20/35 MP: 7/7
  2496 | D:2      | Found a runed translucent door.
  2497 | D:2      | Noticed Crazy Yiuf
  2605 | D:2      | Killed Crazy Yiuf
  2606 | D:2      | Reached skill level 5 in Unarmed Combat
  2677 | D:3      | Noticed Pargi
  2688 | D:3      | Killed Pargi
  2689 | D:3      | Reached XP level 5. HP: 40/40 MP: 8/8
  3136 | D:3      | Reached skill level 6 in Unarmed Combat
  3233 | D:3      | Got the Handbook of the Rocks and Snow
  3548 | D:3      | Found a basalt altar of Yredelemnul.
  3862 | D:4      | Reached XP level 6. HP: 28/47 MP: 10/10
  4463 | D:4      | Noticed Duvessa
  4463 | D:4      | Noticed Dowan
  4468 | D:4      | Noticed Duvessa
  4468 | D:4      | Duvessa changed into Duvessa the acid dragon
  4473 | D:4      | Noticed Duvessa
  4473 | D:4      | Duvessa the acid dragon changed into Duvessa the golden eye
  4498 | D:4      | HP: 2/47 [Dowan/puff of frost (7)]
  4500 | D:4      | Gained mutation: You have hidden genetic potential. [potion
                  | of mutation]
  4501 | D:4      | Slain by Dowan

Illustrated notes

Levels and vault maps discovered:
D:1:      shiori_arrival_elements, layout_basic,
          shapermc_ecumenical_altar_mp_highgroup
D:2:      layout_basic, minmay_pentomino_r2, uniq_crazy_yiuf_cottage
D:3:      layout_loops_ring, overflow_temple_1_default, amethyst_killhole,
          grunt_decor_resistance, uniq_pargi
D:4:      layout_basic, uniq_duvessa

Skill      XL: |  1  2  3  4  5 |
---------------+----------------+-----
Unarmed Combat | 4 5 6 |  6.4
Fighting       | |  1.5
Dodging        | |  1.7
Spellcasting   | |  2.7
Transmutations | |  2.6

Action                   |  1- 3 |  4- 6 || total
-------------------------+-------+-------++-------
Melee: Unarmed           |   124 |   135 ||   259
       Tailslap          |    10 |    23 ||    33
       Kick              |     1 |       ||     1
       Headbutt          |     1 |       ||     1
       Punch             |     1 |     4 ||     5
 Cast: Beastly Appendage |     3 |       ||     3
       Wereblood         |     1 |     3 ||     4
Evoke: Wand              |       |     6 ||     6
  Use: Scroll            |     5 |     5 ||    10
       Potion            |       |     7 ||     7
 Stab: Sleeping          |     1 |     1 ||     2
Armor: Skin              |    34 |    60 ||    94
Dodge: Dodged            |    78 |    73 ||   151

Table legend: (Time is in decaauts)
 A = Elapsed time spent in this place.
 B = Non-inter-level travel time spent in this place.
 C = Inter-level travel time spent in this place.
 D = Time resting spent in this place.
 E = Time spent auto-exploring this place.
 F = Levels seen in this place.
 G = Mean time per level.
                   A        B        C        D        E       F      G
               +--------+--------+--------+--------+--------+-----+--------+
         Total |   4489 |   4369 |    120 |    138 |   3673 |   4 | 1122.2 |
       Dungeon |   4489 |   4369 |    120 |    138 |   3673 |   4 | 1122.2 |
               +--------+--------+--------+--------+--------+-----+--------+

Top non-repeatable levels by time:
     D:1: 1468 daAuts
     D:2: 1190 daAuts
     D:3: 1094 daAuts
     D:4: 736 daAuts
